AoeStats
← Trabzonli Bela

Arabia

510808357Analyzed
2v2 RM · 1d ago on Oct 2, 2026· 51m 26s· 4 players
Game mode
Random Map
Map size
Medium (4 player)
Population
200
Speed
Normal
Resources
Standard
Victory
Conquest
Starting age
Dark Age
Ending age
Imperial Age
RankedLock teamsTeams togetherTeam positionsShared explorationLock speedFull tech treeHidden civsTurbo modeCheats
Victory
Defeat
🇪🇸 Celts · Spain
1057
+12
🇪🇸 Magyars · Spain
881
+19
🇹🇷 Ethiopians · Türkiye
968
-16
🇹🇷 Turks · Türkiye
948
-15
metekemal
7:35 Loom
9:46 Feudal Age
13:18 Fletching
15:28 Padded Archer Armor
24:01 Castle Age
24:04 Crossbowman
25:40 Bodkin Arrow
26:30 Double-Bit Axe
28:22 Gold Mining
30:36 Leather Archer Armor
Trabzonli Bela
5:24 Loom
10:52 Feudal Age
15:03 Castle Age
14:38 Double-Bit Axe
19:35 Horse Collar
21:14 Bow Saw
36:05 Imperial Age
36:28 Heavy Plow
36:52 Forging
36:45 Scale Mail Armor
37:40 Conscription
38:58 Iron Casting
38:40 Chain Mail Armor
38:30 Scale Barding Armor
40:22 Heavy Camel Rider
41:37 Plate Mail Armor
42:08 Blast Furnace
45:55 Chain Barding Armor
acrubio93
6:02 Loom
11:21 Feudal Age
12:32 Double-Bit Axe
13:57 Bloodlines
14:59 Horse Collar
18:21 Scale Barding Armor
19:35 Wheelbarrow
22:27 Gold Mining
22:28 Stone Mining
25:20 Castle Age
24:31 Fletching
24:42 Padded Archer Armor
28:53 Chain Barding Armor
28:36 Husbandry
27:59 Light Cavalry
30:09 Heavy Plow
32:14 Hand Cart
38:41 Imperial Age
37:52 Thumb Ring
41:11 Plate Barding Armor
40:33 Bodkin Arrow
40:54 Leather Archer Armor
42:17 Ballistics
42:58 Chemistry
51:25 Hussar
Carco
5:56 Loom
12:17 Feudal Age
12:19 Man-at-Arms
13:05 Arson
15:58 Scale Mail Armor
17:01 Forging
22:35 Double-Bit Axe
22:31 Horse Collar
27:08 Castle Age
25:24 Stone Mining
29:16 Chain Mail Armor
29:37 Iron Casting
37:20 Fletching
41:18 Careening
41:06 Murder Holes
41:33 Ballistics
49:41 Bodkin Arrow
Connection lost

Rejoining the realm…

Still unreachable

The connection could not be restored.

Session expired

The server has moved on; the page needs a fresh start.